 Dungeon Crawl Stone Soup version 0.30.1-4-g462c640d31 (webtiles) character file.

Game seed: 12733789385365249060

1388 Arctor the Insei (level 8, 0/67 (68) HPs)
             Began as a Pale Draconian Transmuter on Sept 13, 2023.
             Was an Initiate of Cheibriados.
             Slain by a wight
             ... wielding a +0 war axe
              (9 damage)
             ... on level 6 of the Dungeon.
             The game lasted 00:07:02 (5498 turns).

Arctor the Insei (Pale Draconian Transmuter)        Turns: 5498, Time: 00:07:03

HP:   0/67 (68)     AC:  2    Str: 13    XL:     8   Next: 40%
MP:   10/14         EV: 22    Int: 16    God:    Cheibriados [......]
Gold: 252           SH:  0    Dex: 19    Spells: 12/16 levels left

rFire   . . .        l - melded +4 rapier of Distraction {spect, rN++}
rCold   . . .        (shield currently unavailable)
rNeg    + . .        (body armour unavailable)
rPois   x            h - melded +2 hat
rElec   .            (cloak currently unavailable)
rCorr   .            w - melded +1 pair of gloves of Untruth {Will++ Dex-5}
SInv    .            o - melded +1 pair of boots
Will    .....        (no amulet)
Stlth   ++           g - ring of positive energy
HPRegen 0.31/turn    c - ring of wizardry
MPRegen 0.14/turn

%: wizardry (x1)
@: spider-form, lightly drained, very slow
A: venomous fangs, (breathe steam), AC +6, tiny, unfitting armour,
(cold-blooded), (steam resistance)
a: End Transformation, Renounce Religion


You were on level 6 of the Dungeon.
You worshipped Cheibriados.
Cheibriados was noncommittal.
You were a venomous arachnid creature.
You visited 2 branches of the dungeon, and saw 7 of its levels.

You collected 252 gold pieces.

Inventory:

Hand Weapons
 l - the +4 rapier of Distraction (melded) {spect, rN++}
   (You found it on level 6 of the Dungeon)

   rN:        It greatly protects you from negative energy.
Missiles
 r - 3 javelins
 s - 7 boomerangs
Armour
 h - a +2 hat (melded)
 o - a +1 pair of boots (melded)
 w - the +1 pair of gloves of Untruth (melded) {Will++ Dex-5}
   (You found it on level 4 of the Dungeon)

   Dex:       It affects your dexterity (-5).
   Will:      It greatly increases your willpower.
Jewellery
 c - a ring of wizardry (right front pincers)
 g - a ring of positive energy (left front pincers)
Wands
 x - a wand of mindburst (20)
Scrolls
 b - 2 scrolls of torment
 f - a scroll of immolation {unknown}
 n - 2 scrolls of teleportation
 p - 2 scrolls of noise {unknown}
 q - 2 scrolls of amnesia {unknown}
 u - a scroll of fog {unknown}
 v - a scroll of magic mapping {unknown}
 y - a scroll of blinking {unknown}
Potions
 a - 2 potions of lignification
 d - 2 potions of degeneration {unknown}
 e - 4 potions of curing {unknown}
 i - 2 potions of attraction {unknown}
 j - a potion of brilliance {unknown}
 k - a potion of haste {unknown}
 m - 3 potions of heal wounds {unknown}
 t - 2 potions of mutation {unknown}
 z - a potion of berserk rage {unknown}
 A - a potion of might {unknown}


   Skills:
 + Level 5.0 Fighting
 + Level 4.4 Dodging
 + Level 5.5 Unarmed Combat
 + Level 4.5 Spellcasting
 + Level 5.0 Transmutations


You had 12 spell levels left.
You knew the following spells:

 Your Spells              Type           Power      Damage    Failure   Level
a - Beastly Appendage     Tmut           38%        N/A       3%          1
b - Spider Form           Tmut/Pois      11%        N/A       16%         3

Your spell library contained the following spells:

 Spells                   Type           Power      Damage    Failure   Level
 Wereblood                Tmut           19%        N/A       4%          2
 Kiss of Death            Conj/Necr      12%        2d6       14%         1
 Confusing Touch          Hex            3%         N/A       32%         3
 Ice Form                 Ice/Tmut       11%        N/A       38%         4
 Dispel Undead            Necr           3%         3d7       67%         4


Dungeon Overview and Level Annotations

Branches:
Dungeon (6/15)             Temple (1/1) D:5

Altars:
Cheibriados
Dithmenos
Elyvilon
Hepliaklqana
Kikubaaqudgha
Makhleb
Nemelex Xobeh
Ru
Vehumet
Wu Jian
Yredelemnul
Zin
The Shining One


Innate Abilities, Weirdness & Mutations

You are a venomous arachnid creature.
You have venomous fangs.
You are tiny and dextrous.
Your spellcasting is less reliable in this form.
Your armour is entirely melded.
You are incapable of wielding weapons or throwing items.
((You can breathe blasts of scalding, opaque steam.))
((Your pale cyan-grey scales are hard. (AC +6)))
You cannot fit into any form of body armour.
((You are cold-blooded and may be slowed by cold attacks.))
((You are immune to the effects of steam.))


Message History

You hit the wight but do no damage. The wight hits you with a +0 war axe!
* * * LOW HITPOINT WARNING * * *
You partially resist.
You feel drained.
* * * LOW HITPOINT WARNING * * *
You hit the iguana but do no damage.
The iguana is poisoned.
The wight completely misses you. The iguana bites you.
* * * LOW HITPOINT WARNING * * *
The iguana attacks as you move away! The iguana completely misses you.
Your transformation is almost over.
The wight attacks as you move away! The wight misses you.
The iguana closely misses you. The iguana attacks as you move away!
The iguana barely misses you. The wight misses you.
The wight attacks as you move away! The wight closely misses you.
You barely miss the wight. The wight misses you.
You completely miss the wight. The wight completely misses you.
You hit the wight.
The wight is moderately damaged.
Your transformation has ended.
The +4 rapier of Distraction {spect, rN++} unmelds from your body.
Your +2 hat unmelds from your body.
The +1 pair of gloves of Untruth {Will++ Dex-5} unmelds from your body.
Your +1 pair of boots unmelds from your body.
You feel a bond with the +4 rapier of Distraction {spect, rN++}.
The wight closely misses you.
Casting: Spider Form (dangerous; 7% risk of failure)
Confirm with . or Enter, or press ? or * to list all spells.
You don't know that spell.
Casting: Spider Form (dangerous; 7% risk of failure)
Confirm with . or Enter, or press ? or * to list all spells.
You turn into a venomous arachnid creature.
The +4 rapier of Distraction {spect, rN++} melds into your body.
Your +2 hat melds into your body.
The +1 pair of gloves of Untruth {Will++ Dex-5} melds into your body.
Your +1 pair of boots melds into your body.
The wight closely misses you.
You bite the wight!
The wight is severely damaged.
The wight hits you with a +0 war axe!
You die...

####.......... ..#)#
..รท...########
###.###.# .####.#
########.......# .# #.#.
#........#.#####
.####.#..###.########.#
......#..)....#######.##
......................>#
........./l!.<##..#.#.##
#.......#####.##s##.#.#
#.###########)##z##.#.#
#.# .........##l##.#.#
#.# .######.....##.#.#
#.# ..............#.#
#.# # ######.########.#
#.#.# .... ....# ##..#
#.### ....


You could see an iguana (poisoned) and a wight.

Vanquished Creatures
  A water moccasin (D:6)
  An ice beast (D:5)
  An ogre (D:4)
  A centaur (D:6)
  2 scorpions (D:5)
  4 wights (D:6)
  2 howler monkeys
  2 orc priests (D:4)
  3 hounds
  2 jellies (D:6)
  2 sleepcaps (D:5)
  3 iguanas (D:5)
  An orc wizard (D:4)
  3 gnolls (D:5)
  13 adders
  2 shadow imps (D:5)
  2 ufetubi
  A worm (D:2)
  4 dart slugs
  7 orcs
  3 bats
  5 endoplasms
  4 giant cockroaches
  5 goblins
  4 hobgoblins
  4 jackals (D:2)
  4 kobolds
  5 quokkas
  7 ball pythons
  4 frilled lizards
  6 rats
108 creatures vanquished.

Notes
Turn   | Place    | Note
-------+----------+-------------------------------------------
     0 | D:1      | Arctor the Draconian Transmuter began the quest for the
                  | Orb.
     0 | D:1      | Reached XP level 1. HP: 16/16 MP: 3/3
   203 | D:1      | Reached XP level 2. HP: 23/23 MP: 3/5
   850 | D:2      | Reached XP level 3. HP: 24/29 MP: 6/6
  1038 | D:2      | Reached XP level 4. HP: 27/36 MP: 7/7
  1512 | D:2      | Learned a level 3 spell: Spider Form
  1977 | D:3      | Reached XP level 5. HP: 42/42 MP: 9/9
  2440 | D:4      | Found a hazy altar of Hepliaklqana.
  2558 | D:4      | Reached XP level 6. HP: 31/51 MP: 8/10
  3036 | D:4      | Identified the +1 pair of gloves of Untruth {Will++ Dex-5}
  3414 | D:5      | Entered Level 5 of the Dungeon
  3423 | D:5      | Noticed an ice beast
  3432 | D:5      | Killed an ice beast
  3433 | D:5      | Your scales start taking on a pale cyan-grey colour.
  3433 | D:5      | Reached XP level 7. HP: 42/58 MP: 9/12
  3433 | D:5      | Gained mutation: You are immune to the effects of steam.
                  | [Pale Draconian growth]
  4133 | D:5      | Found a staircase to the Ecumenical Temple.
  4451 | Temple   | Entered the Ecumenical Temple
  4692 | Temple   | Became a worshipper of Cheibriados the Contemplative
  5038 | D:6      | Reached skill level 5 in Unarmed Combat
  5038 | D:6      | Reached XP level 8. HP: 38/67 MP: 11/14
  5242 | D:6      | Identified the +4 rapier of Distraction {spect, rN++}
  5473 | D:6      | Reached skill level 5 in Fighting
  5484 | D:6      | Reached skill level 5 in Transmutations
  5498 | D:6      | Slain by a wight

Illustrated notes

Levels and vault maps discovered:
D:1:      wander_arrival_desolate, layout_basic
D:2:      layout_rooms, hangedman_abyss_or_decor_stabs, minmay_pentomino_x2
D:3:      layout_rooms, nicolae_elevator_lobby_plus
D:4:      layout_loops_ring, mainiacjoe_overflow_alcove_2
D:5:      layout_layer_cave, minmay_temple_entry_nine_rooms, serial_glass,
          glass_columns_c, glass_columns_a, minivault_1
D:6:      layout_basic, uniq_grinder, uniq_maggie
Temple:   hc_temple_tempest_star

Skill      XL: |  1  2  3  4  5  6  7  8 |
---------------+-------------------------+-----
Dodging        | 2 3 4 |  4.4
Fighting       | 2 3 4 5 |  5.0
Transmutations | 3 4 5 |  5.0
Spellcasting   | 3 4 |  4.5
Unarmed Combat | 4 5 |  5.5

Action                     |  1- 3 |  4- 6 |  7- 9 || total
---------------------------+-------+-------+-------++-------
  Melee: Unarmed           |    77 |   144 |   104 ||   325
         Tailslap          |    11 |     7 |     4 ||    22
         Kick              |    18 |    14 |     3 ||    35
         Headbutt          |     9 |     8 |     3 ||    20
         Punch             |     1 |     1 |     2 ||     4
         Rapier            |       |       |    28 ||    28
   Cast: Beastly Appendage |    17 |    22 |     2 ||    41
         Spider Form       |       |    16 |    19 ||    35
Ability: Breathe Steam     |       |       |     2 ||     2
    Use: Scroll            |       |     2 |     3 ||     5
   Stab: Sleeping          |       |     1 |       ||     1
 Armour: Skin              |    17 |    25 |    34 ||    76
  Dodge: Dodged            |    41 |    99 |   127 ||   267
